 Dungeon Crawl Stone Soup version 0.29.1-15-g9cfb28693d (webtiles) character file.

Game seed: 13988535579347692271

65 jtron the Magician (level 4, -4/41 HPs)
             Began as a Gnoll Wanderer on Mar 3, 2023.
             Slain by a gnoll bouda
             ... wielding a +0 whip
              (9 damage)
             ... on level 3 of the Dungeon.
             The game lasted 00:06:17 (1981 turns).

jtron the Magician (Gnoll Wanderer)                 Turns: 1981, Time: 00:06:18

Health: -4/41      AC:  4    Str:  8    XL:     4   Next: 14%
Magic:  7/13       EV: 13    Int: 12    God:
Gold:   93         SH:  0    Dex: 16    Spells: 16/17 levels left

rFire   . . .      SeeInvis .   a - +0 short sword
rCold   . . .      Faith    .   (no shield)
rNeg    . . .      Spirit   .   j - +0 leather armour
rPois   .          Reflect  .   m - +0 hat
rElec   .          Harm     .   (no cloak)
rCorr   .          Rampage  .   d - +0 pair of gloves
Will    .....                   (no boots)
Stlth   ++........              (no amulet)
HPRegen 0.13/turn               (no ring)
MPRegen 0.13/turn               (no ring)

@: no status effects
A: fangs 1, strong nose, distributed training
a: no special abilities


You were on level 3 of the Dungeon.
You visited 1 branch of the dungeon, and saw 3 of its levels.

You collected 93 gold pieces.

Inventory:

Hand Weapons
 a - a +0 short sword (weapon)
 b - a +0 sling
 p - a +0 dagger
Missiles
 l - 7 stones
Armour
 d - a +0 pair of gloves (worn)
 j - a +0 leather armour (worn)
 m - a +0 hat (worn)
Magical Staves
 q - a staff of earth
Scrolls
 g - a scroll of noise {unknown}
 k - a scroll of silence {unknown}
 n - a scroll of amnesia {unknown}
 r - a scroll of brand weapon {unknown}
Potions
 c - a potion of haste {unknown}
 f - a potion of magic {unknown}
 h - a potion of cancellation
 i - a potion of resistance {unknown}


   Skills:
 + Level 6.6 Fighting
 + Level 1.1 Short Blades
 + Level 1.1 Long Blades
 + Level 1.1 Axes
 + Level 1.1 Maces & Flails
 + Level 1.1 Polearms
 + Level 1.1 Staves
 + Level 1.1 Ranged Weapons
 + Level 1.1 Throwing
 + Level 1.1 Armour
 + Level 4.6 Dodging
 + Level 1.1 Stealth
 + Level 1.1 Shields
 + Level 1.1 Unarmed Combat
 + Level 7.2 Spellcasting
 + Level 0.8 Conjurations
 + Level 0.8 Hexes
 + Level 0.8 Summonings
 + Level 0.8 Necromancy
 + Level 0.8 Translocations
 + Level 0.8 Transmutations
 + Level 0.8 Fire Magic
 + Level 0.8 Ice Magic
 + Level 0.8 Air Magic
 + Level 3.8 Earth Magic
 + Level 0.8 Poison Magic
 + Level 1.2 Invocations
 + Level 1.1 Evocations


You had 16 spell levels left.
You knew the following spells:

 Your Spells              Type           Power      Damage    Failure   Level
a - Sandblast             Erth           26%        2d8       4%          1

Your spell library contained the following spells:

 Spells                   Type           Power      Damage    Failure   Level
 Freeze                   Ice            24%        1d5       16%         1
 Stone Arrow              Conj/Erth      20%        3d8       26%         3
 Ozocubu's Armour         Ice            6%         N/A       43%         3
 Animate Armour           Summ/Erth      20%        N/A       63%         4


Dungeon Overview and Level Annotations

Branches:
Dungeon (3/15)

Altars:
Xom


Innate Abilities, Weirdness & Mutations

You have very sharp teeth.
Your uncanny sense of smell can sniff out nearby items.
Your experience applies equally to all skills.


Message History

The gnoll bouda hits you with a +0 whip.
You hit the gnoll bouda but do no damage.
You bite the gnoll bouda, but do no damage.
The gnoll bouda is heavily wounded.
The gnoll bouda hits you with a +0 whip.
* * * LOW HITPOINT WARNING * * *
You hit the gnoll bouda but do no damage.
The gnoll bouda is heavily wounded.
The gnoll bouda hits you with a +0 whip!
* * * LOW HITPOINT WARNING * * *
You feel better. The gnoll bouda closely misses you.
You feel better. The gnoll bouda misses you.
Your magical effects are unravelling.
You feel magically purged.
Your attacks no longer feel as feeble.
The gnoll bouda hits you with a +0 whip.
You hit the gnoll bouda but do no damage.
You bite the gnoll bouda, but do no damage.
The gnoll bouda is heavily wounded.
The gnoll bouda hits you with a +0 whip!
You hit the gnoll bouda.
The gnoll bouda is heavily wounded.
The gnoll bouda hits you but does no damage.
You hit the gnoll bouda but do no damage.
The gnoll bouda is heavily wounded.
The gnoll bouda barely misses you.
You hit the gnoll bouda.
The gnoll bouda is severely wounded.
The gnoll bouda completely misses you.
You barely miss the gnoll bouda.
The gnoll bouda is severely wounded.
The gnoll bouda hits you with a +0 whip!
* * * LOW HITPOINT WARNING * * *
You closely miss the gnoll bouda. Your bite misses the gnoll bouda.
The gnoll bouda is severely wounded.
The gnoll bouda barely misses you.
You closely miss the gnoll bouda.
The gnoll bouda is severely wounded.
The gnoll bouda hits you with a +0 whip!
You die...

. #.# ##.....## #.###
###...#...####
#...#####...†.#......#
###.....#...#.#......#
#.....#.†##†#......#
#.....#.##.†#......#
#......######......#
#......# ∆##.......#
#......# ##@...#.....
#......# #g#####......
........#.......#......
###......#.............
######..##...#.......
........# #.. ....
....# . ... ..... ...
.....#.


You could see a gnoll bouda.

Vanquished Creatures
  An adder (D:3)
  4 dart slugs
  2 bats
  4 endoplasms
  2 giant cockroaches
  3 goblins
  4 jackals (D:3)
  6 quokkas
  3 ball pythons
  3 frilled lizards
  5 kobolds
  6 rats
43 creatures vanquished.

Notes
Turn   | Place    | Note
-------+----------+-------------------------------------------
     0 | D:1      | jtron the Gnoll Wanderer began the quest for the Orb.
     0 | D:1      | jtron set off with the following items: a +0 dagger, a
                  | potion of heal wounds, a +0 robe, a +0 pair of gloves; and
                  | the following spells available to memorise: Sandblast,
                  | Freeze, Stone Arrow, Ozocubu's Armour, Animate Armour.
     0 | D:1      | Reached XP level 1. HP: 23/23 MP: 8/8
     2 | D:1      | Learned a level 1 spell: Sandblast
    80 | D:1      | Found a faded altar of an unknown god.
   186 | D:1      | Reached XP level 2. HP: 14/29 MP: 10/10
  1023 | D:1      | Found a shimmering altar of Xom.
  1103 | D:1      | Reached XP level 3. HP: 34/35 MP: 11/11
  1279 | D:2      | Reached skill level 1 in Invocations
  1834 | D:3      | Reached skill level 1 in Short Blades
  1834 | D:3      | Reached skill level 1 in Long Blades
  1834 | D:3      | Reached skill level 1 in Axes
  1834 | D:3      | Reached skill level 1 in Maces & Flails
  1834 | D:3      | Reached skill level 1 in Polearms
  1834 | D:3      | Reached skill level 1 in Staves
  1834 | D:3      | Reached skill level 1 in Ranged Weapons
  1834 | D:3      | Reached skill level 1 in Throwing
  1834 | D:3      | Reached skill level 1 in Armour
  1834 | D:3      | Reached skill level 1 in Stealth
  1834 | D:3      | Reached skill level 1 in Shields
  1834 | D:3      | Reached skill level 1 in Unarmed Combat
  1834 | D:3      | Reached skill level 1 in Evocations
  1956 | D:3      | Reached XP level 4. HP: 35/41 MP: 9/13
  1971 | D:3      | HP: 2/41 [gnoll bouda/+0 whip (10)]
  1981 | D:3      | Slain by a gnoll bouda

Illustrated notes

Levels and vault maps discovered:
D:1:      dpeg_arrival_water_altar, layout_rooms, basic_ecumenical_altar,
          nicolae_concentric_dashed_squares_mild
D:2:      layout_rooms
D:3:      layout_basic, lightli_sewer_entry_pipes, kennysheep_small_spiral,
          minmay_cut_off, uniq_jessica

Skill      XL: |  1  2  3 |
---------------+----------+-----
Invocations    | 1 |  1.2
Short Blades   | 1 |  1.1
Long Blades    | 1 |  1.1
Axes           | 1 |  1.1
Maces & Flails | 1 |  1.1
Polearms       | 1 |  1.1
Staves         | 1 |  1.1
Ranged Weapons | 1 |  1.1
Throwing       | 1 |  1.1
Armour         | 1 |  1.1
Stealth        | 1 |  1.1
Shields        | 1 |  1.1
Unarmed Combat | 1 |  1.1
Evocations     | 1 |  1.1
Fighting       | |  6.6
Dodging        | |  4.6
Spellcasting   | |  7.2
Conjurations   | |  0.8
Hexes          | |  0.8
Summonings     | |  0.8
Necromancy     | |  0.8
Translocations | |  0.8
Transmutations | |  0.8
Fire Magic     | |  0.8
Ice Magic      | |  0.8
Air Magic      | |  0.8
Earth Magic    | |  3.8
Poison Magic   | |  0.8

Action                   |  1- 3 |  4- 6 || total
-------------------------+-------+-------++-------
Melee: Dagger            |    99 |       ||    99
       Bite              |     6 |     2 ||     8
       Punch             |     1 |       ||     1
       Short sword       |     5 |    11 ||    16
 Fire: Sling             |    29 |     2 ||    31
Throw: Stone             |     1 |       ||     1
 Cast: Sandblast         |    26 |     6 ||    32
  Use: Potion            |     2 |     4 ||     6
       Scroll            |     3 |       ||     3
 Stab: Sleeping          |     2 |       ||     2
Armor: Robe              |    10 |       ||    10
       Leather armour    |    20 |     2 ||    22
Dodge: Dodged            |   110 |    10 ||   120
